 Dungeon Crawl Stone Soup version 0.23-a0-303-gfcac5de (webtiles) character file.

39656 MisterFreud the Grappler (level 13, 0/110 HPs)
             Began as a Troll Monk on Oct 8, 2018.
             Was the Champion of Cheibriados.
             Slain by Snorg (20 damage)
             ... on level 4 of the Lair of Beasts.
             The game lasted 00:39:44 (14739 turns).

MisterFreud the Grappler (Troll Monk)              Turns: 14739, Time: 00:39:44

Health: 0/110      AC:  9    Str: 37    XL:     13   Next: 70%
Magic:  18/18      EV: 18    Int: 24    God:    Cheibriados [******]
Gold:   1002       SH: 14    Dex: 28    Spells: 12/12 levels left

rFire    . . .     SeeInvis .     - Unarmed
rCold    . . .     Gourm    +   q - +0 shield
rNeg     . . .     Faith    .   a - +1 robe
rPois    +         Spirit   .   (helmet restricted)
rElec    .         Reflect  .   I - +0 cloak
rCorr    .         Harm     .   (gloves unavailable)
MR       .....                  (boots unavailable)
Stlth    ++........             o - amulet of regeneration
HPRegen  1.08/turn              Q - +2 ring of protection
MPRegen  0.16/turn              Z - ring of poison resistance

@: very slow
A: large, unfitting armour, claws 3, fast metabolism 3, gourmand, regeneration
1, shaggy fur 1, tough skin 2
a: Bend Time, Temporal Distortion, Slouch, Step From Time, Renounce Religion


You were on level 4 of the Lair of Beasts.
You worshipped Cheibriados.
Cheibriados was exalted by your worship.
You were very full.

You visited 3 branches of the dungeon, and saw 18 of its levels.
You also visited: Sewer.

You collected 1002 gold pieces.

Inventory:

Missiles
 w - 3 throwing nets
 B - 3 javelins
 M - 16 tomahawks
 N - 2 tomahawks of returning
 S - 8 large rocks (quivered)
Armour
 a - a +1 robe (worn)
 q - a +0 shield (worn)
 I - a +0 cloak (worn)
Jewellery
 d - an uncursed amulet of guardian spirit {unknown}
 f - a cursed amulet of inaccuracy {unknown}
 j - an uncursed ring of flight
 n - an uncursed ring of protection from fire
 o - an amulet of regeneration (around neck)
 t - an uncursed ring of ice
 v - an uncursed ring of positive energy
 x - an uncursed ring of protection from cold
 H - an uncursed ring of stealth
 Q - a +2 ring of protection (left claw)
 Z - a ring of poison resistance (right claw)
Wands
 e - a wand of disintegration (16)
 u - a wand of digging (36)
 E - a wand of paralysis (45)
 F - a wand of enslavement (10)
 K - a wand of acid (8)
 P - a wand of iceblast (6)
 Y - a wand of clouds (8)
Scrolls
 c - 2 scrolls of enchant armour
 k - a scroll of fear
 l - 8 scrolls of remove curse
 p - 2 scrolls of enchant weapon
 y - 2 scrolls of fog
 C - 4 scrolls of identify
 G - a scroll of silence
 O - 2 scrolls of teleportation
 V - 3 scrolls of amnesia
 W - a scroll of torment {unknown}
Potions
 g - 5 potions of curing
 h - 3 potions of flight
 i - a potion of agility
 m - 3 potions of resistance
 r - 3 potions of cancellation
 z - 2 potions of lignification
 A - 4 potions of might
 D - 3 potions of magic
 J - 4 potions of brilliance
 T - 6 potions of haste
 U - a potion of invisibility {unknown}
Comestibles
 b - 37 rations
 s - a chunk of flesh


   Skills:
 - Level 2.4 Fighting
 - Level 10.0 Throwing
 - Level 8.0 Dodging
 - Level 1.0 Stealth
 - Level 9.0 Shields
 + Level 13.9 Unarmed Combat
 - Level 8.0 Invocations


You had 12 spell levels left.
You didn't know any spells.
Your spell library contained the following spells:

 Spells                   Type           Power        Failure   Level  Hunger
 Beastly Appendage        Tmut           #.....       14%         1    ##.....
 Flame Tongue             Conj/Fire      #....        14%         1    ##.....
 Infusion                 Chrm           #...         14%         1    ##.....
 Shroud of Golubria       Chrm/Tloc      #.........   22%         2    ###....
 Song of Slaying          Chrm           #.......     22%         2    ###....
 Sticks to Snakes         Tmut           #.......     22%         2    ###....
 Throw Flame              Conj/Fire      #.....       22%         2    ###....
 Conjure Flame            Conj/Fire      #.......     41%         3    ####...
 Inner Flame              Hex/Fire       #.......     41%         3    ####...
 Regeneration             Chrm/Necr      #.........   41%         3    ####...
 Spectral Weapon          Hex/Chrm       #.......     41%         3    ####...
 Spider Form              Tmut/Pois      #.........   41%         3    ####...
 Ice Form                 Ice/Tmut       #.......     82%         4    #####..
 Sticky Flame             Conj/Fire      #.......     82%         4    #####..
 Blade Hands              Tmut           #.........   99%         5    ######.
 Fireball                 Conj/Fire      #.........   99%         5    ######.
 Irradiate                Conj/Tmut      #.........   99%         5    ######.
 Hydra Form               Tmut           #.........   100%        6    #######
 Statue Form              Tmut/Erth      #........    100%        6    #######
 Dragon Form              Tmut           #.........   100%        7    #######


Dungeon Overview and Level Annotations

Branches:
Dungeon (13/15)            Temple (1/1) D:4            Lair (4/6) D:9
 Shoals (0/4) Lair:3        Snake (0/4) Lair:2          Orc (0/2) D:12
 Vaults (0/5) D:13

Altars:
Ashenzari
Cheibriados
Dithmenos
Elyvilon
Fedhas
Gozag
Hepliaklqana
Kikubaaqudgha
Makhleb
Nemelex Xobeh
Okawaru
Qazlal
Ru
Sif Muna
Trog
Uskayaw
Vehumet
Wu Jian
Xom
Yredelemnul
Zin
The Shining One
Beogh

Portals:
Trove: D:13 (give 7 potions of haste)

Annotations:
D:6 1 runed door
D:13 exclusion: obsidian statue
Lair:1 3 runed doors, Taumaisium's ghost, journeyman TrWn
Lair:4 Snorg


Innate Abilities, Weirdness & Mutations

You are too large for most types of armour.
You have claws for hands.
Your metabolism is lightning-fast.
You like to eat raw meat.
Your natural rate of healing is unusually fast.
You are covered in fur. (AC +1)
You have very tough skin. (AC +2)


Message History

You feel much better. Snorg bites you!
* * * LOW HITPOINT WARNING * * *
You block Snorg's attack. x2; The yak barely misses you.
Snorg completely misses you. You block Snorg's attack. Snorg claws you!
* * * LOW HITPOINT WARNING * * *
As you read the scroll of summoning, it crumbles to dust.
Wisps of shadow whirl around you...
A yak comes into view.
You block Snorg's attack. x2; Snorg barely misses you.
The yak gores you.
* * * LOW HITPOINT WARNING * * *
You swap places.
Snorg bites your blink frog!! Snorg closely misses your blink frog.
Snorg claws your blink frog.
Your blink frog blinks! x2
Snorg rages.
You block the yak's attack.
You block Snorg's attack. x2; Snorg misses you.
Your crocodile closely misses Snorg.
You swap places.
Your blink frog hits Snorg.
Your blink frog blinks!
You block Snorg's attack. x2; Snorg claws you!!
You die...

## .# #......# #. ..##
#..#.# .. #..# ##.=..# #.
##.P#####P.#..### ##.
#F..P##..........
#..###....#...##.###.#
#.Y#P....#...#..###..
#..T§..F..#..##..#...
##Yt@.P....##.####...
####....FP..##.#...#
###.#....#.†##...
#..#....##†.#...
##....##.##..#..
#.....#........ .. ## ###
#.P.#.......... ..
#.###P#### #.#......####..
..##........#######.##...###
#..


You could see Snorg (berserk), 2 yaks, 3 friendly blink frogs and a friendly
crocodile.

Vanquished Creatures
  2 hydras
  A vault guard (D:13)
  4 two-headed ogres
  2 centaur warriors
  2 unseen horrors (D:11)
  A necromancer (D:13)
  3 ugly things
  2 manticores
  2 cyclopes (D:13)
  A salamander (shapeshifter) (D:13)
  A centaur zombie (D:5)
  4 black mambas
  4 spiny frogs
  A rime drake (Lair:3)
  7 komodo dragons
  A queen bee (Lair:2)
  3 meliai (D:13)
  7 trolls
  A hornet (D:12)
  5 blink frogs (Lair:3)
  6 hippogriffs
  A spriggan (D:7)
  A shadow (D:12)
  4 wyverns
  24 yaks
  A wraith (D:12)
  Grum (D:10)
  2 basilisks
  2 hungry ghosts (D:11)
  2 vampire mosquitoes (D:13)
  A soldier ant (D:10)
  3 swamp worms (Lair:1)
  14 water moccasins
  4 porcupines
  2 ice beasts
  A hornet zombie (D:9)
  5 sky beasts
  3 black bears
  12 orc warriors
  A necrophage (D:6)
  4 phantoms
  19 wolves
  3 ogres
  4 boggarts (D:12)
  10 centaurs
  7 crocodiles
  3 big kobolds
  17 bullfrogs
  5 scorpions
  36 killer bees
  A vampire bat (Lair:3)
  14 wights
  5 crimson imps
  4 jellies
  2 bullfrog zombies
  13 orc priests
  6 hounds
  4 centaur skeletons
  A bullfrog skeleton (D:10)
  6 iguanas
  12 orc wizards
  14 worker ants
  20 adders
  6 gnolls
  A howler monkey skeleton (D:5)
  3 river rats (Sewer)
  3 shadow imps
  3 adder zombies
  4 worms
  A dart slug (D:1)
  4 leopard geckos
  54 orcs
  9 giant cockroaches
  9 goblins
  11 hobgoblins
  10 jackals
  3 quokkas
  7 ball pythons
  A ball python skeleton (D:6)
  21 bats
  14 frilled lizards
  28 kobolds
  A leopard gecko skeleton (D:4)
  A quokka zombie (D:2)
  14 rats
  A plant (D:11)
563 creatures vanquished.

Vanquished Creatures (others)
  8 fungi (Lair:2)
  37 plants
45 creatures vanquished.

Grand Total: 608 creatures vanquished

Notes
Turn   | Place    | Note
-------+----------+-------------------------------------------
     0 | D:1      | MisterFreud the Troll Monk began the quest for the Orb.
     0 | D:1      | Reached XP level 1. HP: 22/22 MP: 0/0
   142 | D:1      | Reached XP level 2. HP: 29/29 MP: 1/1
   420 | D:1      | Reached skill level 4 in Unarmed Combat
   617 | D:2      | Reached XP level 3. HP: 36/36 MP: 2/2
   780 | D:2      | Found a white marble altar of Elyvilon.
   892 | D:2      | Reached XP level 4. HP: 44/44 MP: 3/3
   914 | D:2      | Reached skill level 5 in Unarmed Combat
  1526 | D:3      | Found a sparkling altar of Nemelex Xobeh.
  1528 | D:3      | Found a white marble altar of Elyvilon.
  1529 | D:3      | Reached XP level 5. HP: 37/50 MP: 4/4
  1537 | D:3      | Found an iron altar of Okawaru.
  1542 | D:3      | Reached skill level 6 in Unarmed Combat
  1717 | D:3      | Found a glowing silver altar of Zin.
  2066 | D:4      | Noticed a phantom
  2094 | D:4      | Killed a phantom
  2094 | D:4      | Reached skill level 7 in Unarmed Combat
  2094 | D:4      | Reached XP level 6. HP: 55/59 MP: 5/5
  2393 | D:4      | Reached skill level 8 in Unarmed Combat
  2393 | D:4      | Reached XP level 7. HP: 66/66 MP: 4/6
  2663 | D:4      | Found a staircase to the Ecumenical Temple.
  2800 | Temple   | Entered the Ecumenical Temple
  3173 | D:5      | Entered Level 5 of the Dungeon
  3205 | D:5      | Reached skill level 9 in Unarmed Combat
  3222 | D:5      | Found an opulent altar of Gozag.
  3285 | D:5      | Reached skill level 10 in Unarmed Combat
  3285 | D:5      | Reached XP level 8. HP: 61/74 MP: 4/7
  3294 | D:5      | Reached skill level 1 in Shields
  3552 | D:5      | Found a glowing drain.
  3561 | Sewer    | Entered a sewer
  4188 | D:6      | Reached skill level 5 in Shields
  4312 | D:6      | Reached XP level 9. HP: 49/80 MP: 3/8
  4590 | D:6      | Found a glowing golden altar of the Shining One.
  4590 | D:6      | Found a runed door.
  4590 | D:6      | Noticed an angel
  4652 | D:6      | Found a burning altar of Makhleb.
  4705 | D:6      | Found a blossoming altar of Fedhas.
  5979 | D:8      | Found a glowing golden altar of the Shining One.
  5979 | D:8      | Found a deep blue altar of Sif Muna.
  5979 | D:8      | Found a hide-covered altar of Uskayaw.
  5980 | D:8      | Found an ornate altar of the Wu Jian Council.
  6106 | D:8      | Reached skill level 1 in Throwing
  6106 | D:8      | Reached XP level 10. HP: 78/88 MP: 6/9
  6243 | D:8      | Noticed a two-headed ogre
  6261 | D:8      | Found an ancient bone altar of Kikubaaqudgha.
  6472 | D:8      | Killed a two-headed ogre
  6628 | D:8      | Reached skill level 5 in Throwing
  6789 | D:8      | Found a snail-covered altar of Cheibriados.
  6809 | D:8      | Became a worshipper of Cheibriados the Contemplative
  6809 | D:8      | Reached * piety under Cheibriados
  6809 | D:8      | Reached ** piety under Cheibriados
  7051 | D:9      | Noticed a two-headed ogre
  7096 | D:9      | Killed a two-headed ogre
  7398 | D:9      | Noticed a two-headed ogre
  7407 | D:9      | Killed a two-headed ogre
  7517 | D:9      | Found a staircase to the Lair.
  7534 | D:10     | Entered Level 10 of the Dungeon
  7637 | D:10     | Reached *** piety under Cheibriados
  7643 | D:10     | Reached XP level 11. HP: 55/94 MP: 10/10
  8135 | D:10     | Noticed a two-headed ogre
  8148 | D:10     | Killed a two-headed ogre
  8148 | D:10     | Reached skill level 11 in Unarmed Combat
  8235 | D:10     | Noticed Grum
  8345 | D:10     | Killed Grum
  8600 | D:11     | Reached **** piety under Cheibriados
  8650 | D:11     | Noticed a purple ugly thing
  8652 | D:11     | Noticed a centaur warrior
  8658 | D:11     | Killed a centaur warrior
  8658 | D:11     | Reached skill level 12 in Unarmed Combat
  8667 | D:11     | Killed an unseen horror
  8695 | D:11     | HP: 1/94 [purple ugly thing (12)]
  8698 | D:11     | Killed a purple ugly thing
  8703 | D:11     | HP: 4/94 [something (5)]
  8905 | D:11     | Reached ***** piety under Cheibriados
  8906 | D:11     | Found a basalt altar of Yredelemnul.
  8954 | D:11     | Killed an unseen horror
  8954 | D:11     | Reached skill level 5 in Dodging
  9098 | D:11     | Reached skill level 1 in Invocations
  9172 | D:11     | Noticed a cyan ugly thing
  9191 | D:11     | Killed a cyan ugly thing
  9292 | D:11     | Reached XP level 12. HP: 89/104 MP: 13/13
  9317 | D:11     | Found a sacrificial altar of Ru.
 10212 | D:12     | Found a staircase to the Orcish Mines.
 10213 | D:12     | Found a roughly hewn altar of Beogh.
 10417 | D:12     | Reached skill level 5 in Invocations
 11071 | D:13     | Noticed a centaur warrior
 11083 | D:13     | Killed a centaur warrior
 11386 | D:13     | Reached ****** piety under Cheibriados
 11520 | D:13     | Noticed a vault guard
 11532 | D:13     | Killed a vault guard
 11547 | D:13     | Found a portal to a secret trove of treasure.
 11604 | D:13     | Found a gate to the Vaults.
 12018 | Lair:1   | Entered Level 1 of the Lair of Beasts
 12139 | Lair:1   | Reached XP level 13. HP: 110/110 MP: 17/17
 12373 | Lair:1   | Found a runed gate.
 12374 | Lair:1   | Found a runed gate.
 12375 | Lair:1   | Found a runed gate.
 12375 | Lair:1   | Noticed Taumaisium's ghost (journeyman TrWn)
 12944 | Lair:2   | Found a staircase to the Snake Pit.
 13224 | Lair:2   | Reached skill level 13 in Unarmed Combat
 13663 | Lair:3   | Found a staircase to the Shoals.
 14504 | Lair:4   | Reached skill level 10 in Throwing
 14696 | Lair:4   | Noticed Snorg
 14739 | Lair:4   | Slain by Snorg

Vault maps used:
D:1:      giann_forest_graveyard
D:2:      elyvilon_altar_3
D:3:      lemuel_doored_altar, grunt_temple_overflow_open,
          minmay_misc_feat_columns, grunt_ministairs_4
D:4:      minmay_temple_entry_overgrown, serial_bayou, serial_bayou_pond_b,
          serial_bayou_pond_b, serial_bayou_shore_b, serial_bayou_pond_a
D:5:      lemuel_crystal_altar, gup_sewer_entry_glass, first_ration
D:6:      makhleb_heckhound_becter, fedhas_altar_decomposition,
          lemuel_angel_altar
D:7:      the_bakery, serial_bayou_lagoon_a
D:8:      cheibrodos_worm_habitat, chequers_temple_overflow_statue_of_worship,
          kennysheep_little_box, corexii_corridor_pit
D:9:      lair_entry_dummy
D:10:     uniq_grum
D:11:     wad_woods_stonehenge, nicolae_ru_sacrificial_ziggurat
D:12:     david_orc_5
D:13:     david_vaults_1, enter_trove_5, minivault_15
Temple:   compressed_dpeg_triangle_lava_temple
Lair:1:   gammafunk_ghost_hydra_chop, small_statue_intersection,
          serial_bayou_pond_a, worms_lemuel, grunt_megastairs_5
Lair:2:   minmay_snake_entry_six_corridors
Lair:3:   elwin_shoals_entry_rocks, roderic_batcave
Lair:4:   beast_lair_carwin_10, serial_bayou_shore_a, uniq_snorg
Sewer:    sewer_co_cracked_pipes

Skill      XL: |  1  2  3  4  5  6  7  8  9 10 11 12 13 |
---------------+----------------------------------------+-----
Unarmed Combat | 4 5 7 8 10 12 13 | 13.9
Shields        | 5 9 |  9.0
Throwing       | 1 8 10 | 10.0
Dodging        | 6 8 |  8.0
Invocations    | 2 7 8 |  8.0
Fighting       | |  2.4
Stealth        | |  1.0

Action                   |  1- 3 |  4- 6 |  7- 9 | 10-12 | 13-15 || total
-------------------------+-------+-------+-------+-------+-------++-------
Melee: Unarmed           |    88 |   207 |   379 |   713 |   277 ||  1664
       Punch             |     1 |     6 |     8 |       |       ||    15
Throw: Stone             |       |       |       |     7 |       ||     7
       Javelin           |       |       |       |     6 |       ||     6
       Large rock        |       |       |       |     2 |    15 ||    17
Invok: Slouch            |       |       |       |     3 |     2 ||     5
Evoke: Wand              |       |       |       |    10 |       ||    10
  Use: Scroll            |     2 |     6 |     1 |    22 |     1 ||    32
       Potion            |       |       |       |     6 |     1 ||     7
 Stab: Sleeping          |     2 |     2 |     6 |    12 |     5 ||    27
       Distracted        |       |     1 |     1 |       |       ||     2
  Eat: Chunk             |    14 |    14 |    31 |    49 |    19 ||   127
Armor: Robe              |    30 |    66 |   110 |   109 |    44 ||   359
Dodge: Dodged            |    43 |    68 |   178 |   273 |   174 ||   736
Block: Shield            |       |       |     3 |   424 |   256 ||   683

Table legend:
 A = Non-vault XP
 B = Vault XP
 C = Vault XP percentage of total XP
 D = Non-vault monster count
 E = Vault monster count
 F = Vault count percentage of total count
                 A         B        C        D         E       F
            +---------+---------+-------+---------+---------+-------
      Total |   42982 |   13670 |  24.1 |     427 |     135 |  24.0
            +---------+---------+-------+---------+---------+-------
        D:1 |      37 |       0 |   0.0 |      24 |       0 |   0.0
        D:2 |     113 |       0 |   0.0 |      31 |       0 |   0.0
        D:3 |      99 |       2 |   2.0 |      27 |       2 |   6.9
        D:4 |     548 |      42 |   7.1 |      28 |       2 |   6.7
        D:5 |    1287 |      21 |   1.6 |      22 |       5 |  18.5
        D:6 |    1114 |      43 |   3.7 |      26 |       1 |   3.7
        D:7 |    1633 |     220 |  11.9 |      35 |       1 |   2.8
        D:8 |    2203 |       5 |   0.2 |      22 |       1 |   4.3
        D:9 |    2985 |       0 |   0.0 |      22 |       0 |   0.0
       D:10 |    3480 |     421 |  10.8 |      27 |       3 |  10.0
       D:11 |    7135 |    2498 |  25.9 |      44 |       7 |  13.7
       D:12 |    3463 |     746 |  17.7 |      28 |      24 |  46.2
       D:13 |    5779 |    1935 |  25.1 |      34 |       3 |   8.1
     Lair:1 |    2449 |    1678 |  40.7 |       7 |      11 |  61.1
     Lair:2 |    4706 |    3543 |  43.0 |      25 |      41 |  62.1
     Lair:3 |    4022 |      67 |   1.6 |      16 |       8 |  33.3
     Lair:4 |    1929 |    2393 |  55.4 |       9 |       8 |  47.1
      Sewer |       0 |      56 | 100.0 |       0 |      18 | 100.0
            +---------+---------+-------+---------+---------+-------
